Map: Dusk Towers

Players

SirKnoter - Winner!

  • Race: Terran Terran
  • League: Gold

capac

  • Race: Terran Terran
  • League: Gold

VOD

Have the link to the VOD?

Description

Time

  • Played on: April 30, 2016, 9:52 a.m.
  • Length: 43:29
Show
View Real Time Build Order
Export as new Build Order

SirKnoter Terran - Winner!

Build Orders: Reaper Expand, Bio Tank 

Get SALT Encoding   

  12  0:01  SCV  
  13  0:13  SCV  
  14  0:24  Supply Depot  
  14  0:25  SCV  
  15  0:42  Refinery  
  15  0:45  SCV  
  15  0:47  Barracks  
  16  0:58  SCV  
  17  1:10  SCV  
  18  1:23  SCV  
  18  1:25  Supply Depot  
  19  1:34  Reaper  
  20  1:44  Orbital Command  
  20  2:00  Command Center  
  20  2:06  Reaper  
  21  2:11  SCV  
  21  2:15  Refinery  
  22  2:23  SCV  
  22  2:25  Factory  
  23  2:38  Marine  
  24  2:51  SCV  
  24  2:56  Marine  
  26  3:09  Barracks  
  26  3:11  Engineering Bay  
  26  3:12  Orbital Command  
  26  3:13  SCV  
  26  3:14  Marine  
  26  3:16  Factory Tech Lab  
  28  3:31  Marine  
  28  3:33  SCV  
  30  3:41  SCV  
  31  3:45  Missile Turret, SCV  
  31  3:47  Siege Tank  
  35  3:49  Marine  
  35  3:53  Missile Turret, SCV  
  37  3:56  Barracks Tech Lab  
  37  4:03  SCV  
  37  4:04  Starport  
  37  4:05  Missile Turret  
  37  4:07  Marine, SCV  
  40  4:14  Stimpack  
  40  4:15  Marine  
  41  4:19  Siege Tank  
  44  4:25  Marine  
  44  4:27  SCV  
  46  4:40  Missile Turret  
  46  4:41  Missile Turret  
  46  4:43  Supply Depot  
  46  4:46  Supply Depot  
  46  4:57  Barracks Reactor  
  46  5:05  Marine, Siege Tank, SCV x2, Medivac  
  54  5:07  Refinery  
  52  5:17  SCV  
  53  5:23  Marine  
  53  5:25  SCV  
  55  5:29  SCV  
  56  5:35  Missile Turret  
  56  5:36  Missile Turret  
  56  5:37  SCV  
  56  5:38  Missile Turret  
  56  5:39  Starport Reactor  
  56  5:40  Marine  
  56  5:41  Marine x2  
  60  5:51  Barracks  
  60  5:52  Barracks  
  60  5:58  Marine  
  60  5:59  Marine  
  62  6:05  Supply Depot  
  62  6:06  Supply Depot  
  62  6:15  Supply Depot  
  62  6:17  Supply Depot  
  62  6:26  Marine x3, Siege Tank, SCV x2  
  62  6:27  Medivac x2  
  74  6:35  Refinery  
  74  6:38  SCV  
  74  6:39  Supply Depot  
  75  6:42  Supply Depot  
  75  6:43  Terran Infantry Weapons Level 1  
  75  6:44  Marine, Barracks Reactor  
  76  6:47  Barracks Reactor  
  76  6:57  Marine x2, Medivac x2  
  82  7:10  Marine  
  82  7:12  Siege Tank  
  82  7:15  Marine x2, SCV x2  
  90  7:27  Marine, SCV, Combat Shields  
  92  7:33  Marine  
  92  7:36  Marine x2, Medivac x2  
  92  7:37  Marine x3  
  102  7:45  Marine  
  102  7:49  Siege Tank  
  102  7:51  Marine  
  107  7:54  Marine x3  
  110  7:59  Supply Depot  
  110  8:01  SCV x2  
  110  8:02  Supply Depot  
  107  8:09  Marine x3  
  110  8:20  Marine x3  
  110  8:21  Marine  
  110  8:22  Medivac  
  110  8:23  Medivac  
  118  8:44  Barracks  
  118  8:45  Command Center  
  118  8:46  Barracks  
  118  8:47  Barracks  
  118  9:18  Marine  
  118  9:19  Marine x4  
  118  9:20  Siege Tank  
  126  9:29  Supply Depot  
  126  9:31  Supply Depot  
  126  9:32  Supply Depot, Barracks Reactor x2  
  126  9:34  Supply Depot, Barracks Reactor  
  126  9:51  Marine x4, Medivac x2  
  126  9:52  Marine x3, SCV x2  
  139  10:02  Siege Tank  
  139  10:04  SCV  
  143  10:08  Marine x2  
  143  10:10  Marine x3  
  143  10:11  Marine x4  
  125  10:54  Marine x3  
  125  10:55  Marine x3  
  131  11:09  Marine x4  
  131  11:10  Marine x3  
  138  11:12  Marine x4  
  138  11:16  Marine x2  
  144  11:19  Orbital Command  
  144  11:20  SCV x2  
  144  11:25  Refinery x2  
  146  11:27  Marine x2  
  146  11:32  SCV x2  
  147  11:44  SCV x2  
  147  11:46  Marine x3  
  147  11:47  Marine x7  
  152  11:48  Marine x3  
  153  11:56  SCV  
  146  12:04  Marine x3  
  146  12:07  Marine  
  146  12:08  Marine x7  
  153  12:09  Engineering Bay, Marine x2  
  153  12:10  Armory  
  153  12:12  Medivac x2  
  163  12:21  SCV x3  
  163  12:22  Marine x3  
  169  12:25  Marine x2  
  169  12:26  Marine  
  172  12:33  SCV  
  173  12:49  Command Center  
  173  12:53  Refinery  
  173  12:56  Supply Depot  
  173  12:58  Supply Depot, Refinery  
  173  13:01  Supply Depot  
  173  13:02  Marine x3  
  173  13:03  Marine x4  
  173  13:04  Marine x4  
  173  13:05  Marine  
  173  13:06  Marine  
  151  13:20  Marine  
  151  13:22  Marine  
  148  13:29  Marine x7  
  148  13:30  Marine x2, Siege Tank  
  160  13:39  SCV x3  
  163  13:44  Barracks  
  163  13:46  Factory, Barracks  
  163  13:51  SCV x2  
  165  14:32  Marine  
  165  14:33  Marine x6  
  165  14:36  Barracks Reactor x2  
  165  14:37  Factory Tech Lab  
  172  14:39  Medivac x2  
  172  14:41  Siege Tank  
  172  14:45  Starport  
  179  14:46  Terran Infantry Weapons Level 2  
  179  14:47  Terran Infantry Armor Level 1  
  179  14:48  Terran Vehicle Weapons Level 1  
  179  14:50  Marine x2  
  171  15:00  Planetary Fortress  
  171  15:03  Missile Turret  
  169  15:13  Siege Tank  
  165  15:20  Marine x5  
  106  15:23  Marine x4  
  105  15:33  Marine  
  105  15:34  Marine x5  
  111  15:37  Marine x3  
  111  15:39  Siege Tank  
  111  15:40  Starport Reactor  
  111  15:41  Medivac x2  
  121  15:43  Marine x6  
  121  15:44  Marine x2  
  121  15:45  Siege Tank  
  121  15:46  SCV x2  
  134  15:51  Marine x3  
  134  15:52  Marine x3  
  134  15:55  Marine  
  141  15:58  Marine x2  
  141  16:00  Marine  
  141  16:01  Marine x4  
  141  16:02  Marine x3  
  151  16:09  Marine x4  
  151  16:10  Marine x2  
  157  16:13  Marine  
  157  16:15  Medivac x2  
  157  16:16  Marine x2  
  157  16:17  Siege Tank  
  167  16:18  Marine x2  
  167  16:19  Marine x2  
  167  16:23  Marine x2  
  167  16:24  Marine x2  
  175  16:27  Marine  
  142  16:42  Marine x4  
  119  16:52  Marine x6  
  119  16:53  Medivac x2  
  119  16:54  Medivac  
  130  16:55  Siege Tank x2  
  130  16:56  Marine  
  137  17:14  Marine  
  137  17:15  Marine x7  
  142  17:16  Marine  
  146  17:27  Siege Tank  
  149  17:34  Siege Tank  
  152  17:37  Marine x4  
  152  17:38  Marine x4  
  152  17:44  Marine x2  
  150  17:59  Siege Tank  
  148  18:06  Siege Tank  
  151  18:15  Missile Turret  
  151  18:24  Medivac x3  
  151  18:25  Marine x7  
  151  18:26  Marine x10  
  169  18:43  Marine x7  
  172  18:50  Marine  
  172  18:51  Marine x6  
  176  19:11  Marine x6  
  176  19:12  Marine x3  
  185  19:20  Terran Infantry Weapons Level 3  
  107  20:02  Marine x2  
  107  20:03  Marine x7  
  107  20:04  Marine x2  
  117  20:09  Marine  
  117  20:10  Marine x2  
  120  20:26  Marine x2  
  122  20:32  Marine x3  
  122  20:34  Refinery  
  125  20:40  Refinery  
  125  20:49  Refinery  
  125  20:50  Command Center x2  
  125  20:54  Marine x6  
  125  20:55  Refinery, Marine x4  
  125  20:56  Marine x7  
  142  21:12  Marine  
  141  21:37  Marine x4  
  141  21:38  Marine x6  
  141  21:39  Marine x7  
  157  21:47  Siege Tank  
  161  21:48  Siege Tank  
  164  21:55  Marine x5  
  164  21:56  Marine x5, Medivac  
  176  22:04  Orbital Command  
  176  22:09  Orbital Command  
  176  22:16  Marine x3  
  176  22:17  Medivac  
  181  22:36  Marine x5  
  181  22:37  Marine x2  
  171  22:57  SCV x2  
  171  22:58  SCV x2  
  175  22:59  SCV  
  175  23:00  SCV  
  175  23:04  Missile Turret  
  177  23:06  Marine x5  
  177  23:07  Missile Turret  
  131  23:55  Marine x2  
  131  23:56  Marine x7  
  131  23:57  Marine  
  125  24:16  Marine x5  
  125  24:17  Marine x7  
  101  24:18  Marine x5  
  85  24:34  Marine x7  
  85  24:35  Terran Infantry Armor Level 2, Marine x6  
  85  24:36  Marine  
  85  24:37  Terran Vehicle Weapons Level 2  
  85  24:38  Marine x3  
  100  24:39  Siege Tank  
  100  24:40  Siege Tank  
  100  24:41  Medivac x4  
  116  24:51  Marine  
  116  24:52  Marine x2  
  117  24:57  Marauder  
  117  24:59  Marine x8  
  122  25:11  Siege Tank  
  122  25:12  Siege Tank  
  128  25:18  Marine x2  
  128  25:19  Marine x2  
  131  26:20  Orbital Command  
  104  27:09  Marine x2  
  104  27:10  Marine  
  107  27:47  Marine, Medivac  
  110  28:15  Marine  
  110  28:16  Marine x2  
  110  28:17  Medivac  
  110  28:18  Marine, Medivac  
  116  28:36  Marine x3  
  116  28:37  Marine x3  
  122  28:48  Marine x3  
  122  28:49  Marine  
  117  29:13  Marine x8  
  117  29:14  Marine x5  
  117  29:15  Marine x4  
  94  29:30  Viking x2, Marine x2  
  94  29:31  Marine x6  
  106  30:00  Siege Tank  
  109  30:10  Siege Tank, Command Center  
  112  30:27  Marine x6  
  112  30:28  Marine x3  
  118  30:29  Marine x3  
  118  30:35  Marine x4  
  125  30:36  Marine  
  123  31:08  Missile Turret  
  126  31:11  Siege Tank x2  
  126  31:12  Marine x4  
  126  31:13  Marine x7  
  140  31:24  Marine x2  
  140  31:25  Marine x3  
  145  31:26  Medivac x2  
  144  31:43  Siege Tank x2  
  150  31:47  Command Center  
  150  31:51  Marine x2  
  150  31:52  Marine x2  
  154  31:55  Medivac  
  156  32:09  Marine x2  
  156  32:10  Marine x4  
  156  32:14  Refinery  
  162  32:17  Refinery, Orbital Command  
  151  32:37  Marine x2  
  151  32:38  Marine x7  
  140  33:10  Marine x5  
  140  33:11  Marine x7  
  140  33:12  Marine x5  
  132  33:28  Marine x6  
  132  33:29  Marine x5, Orbital Command  
  143  33:45  Command Center  
  143  33:53  Marine x6  
  149  33:58  Marine x2  
  131  34:16  Marine x2  
  131  34:17  Marine x7  
  133  34:21  Medivac  
  133  34:22  Medivac  
  141  34:44  Terran Infantry Armor Level 3  
  139  34:46  Terran Vehicle Weapons Level 3  
  139  34:59  Barracks  
  139  35:01  Barracks  
  139  35:07  Marine x3  
  139  35:08  Marine x7  
  139  35:09  Marine x5  
  139  35:11  Barracks  
  139  35:13  Barracks  
  154  35:16  Orbital Command  
  152  35:26  Command Center  
  150  35:48  Marine  
  150  35:49  Barracks Reactor x2  
  151  35:51  Medivac x2  
  151  35:52  Medivac  
  136  36:28  Marine  
  136  36:29  Marine x3, Barracks Reactor x2  
  124  37:00  Marine x6  
  124  37:01  Marine x7  
  132  37:02  Marine x8  
  144  37:17  Marine, Orbital Command  
  144  37:18  Marine x6  
  151  37:23  Terran Vehicle And Ship Armor Level 1  
  151  37:37  Marine x7  
  151  37:38  Marine x4  
  151  37:39  Marine  
  163  37:57  Marine  
  163  37:58  Marine x7  
  167  37:59  Marine x7  
  167  38:00  Marine  
  167  38:05  Building Armor  
  179  38:29  Sensor Tower  
  179  38:41  Marine x6  
  180  38:42  Marine x5  
  169  39:15  Marine  
  169  39:16  Marine x7  
  169  39:17  Marine x4  
  158  39:27  Medivac  
  158  39:28  Medivac x3  
  158  39:29  Marine x5  
  158  39:30  Marine  
  170  39:57  Medivac  
  170  39:58  Medivac x3  
  170  40:31  Orbital Command  
  170  40:35  Marine x3  
  170  40:36  Marine x5  
  170  40:37  Marine x5  
  170  40:38  Marine  
  184  40:54  Marine x5  
  184  40:55  Marine x7  
  184  40:56  Marine x2  
  181  42:09  Marine x5  
  181  42:10  Marine x3  
  181  42:11  Marine x2  
  181  42:51  Marine  
Show
View Real Time Build Order
Export as new Build Order

capac Terran 

Build Orders: Reaper Expand, MMM Bio 

Get SALT Encoding   

  12  0:01  SCV  
  13  0:13  SCV  
  14  0:17  Supply Depot  
  14  0:25  SCV  
  15  0:39  SCV  
  15  0:40  Barracks  
  16  0:44  Refinery  
  16  0:51  SCV  
  17  1:03  SCV  
  18  1:15  SCV  
  19  1:27  Orbital Command  
  19  1:29  Reaper  
  20  1:41  Command Center  
  20  1:50  Supply Depot  
  20  1:56  SCV  
  21  2:09  Factory, SCV  
  21  2:12  Refinery  
  21  2:13  Marine  
  23  2:21  SCV  
  24  2:37  SCV  
  25  2:38  Barracks Reactor  
  25  2:39  Barracks  
  25  2:49  SCV  
  26  3:01  SCV  
  26  3:02  Orbital Command  
  27  3:14  Starport, Factory Tech Lab  
  27  3:15  Marine  
  27  3:16  Marine  
  29  3:25  SCV  
  30  3:31  Barracks Tech Lab  
  30  3:33  Barracks  
  30  3:35  Siege Tank  
  30  3:40  SCV x2  
  35  3:51  Marine  
  35  3:52  Marine x2  
  35  3:53  SCV x2  
  40  3:59  Supply Depot, Medivac  
  42  4:05  Refinery, SCV x2  
  44  4:17  Stimpack  
  44  4:18  Marine x2  
  44  4:21  Marine  
  44  4:22  Supply Depot  
  47  4:25  Barracks Reactor  
  47  4:30  Barracks  
  48  4:31  SCV x2  
  48  4:36  Starport Reactor, Marine x2  
  51  4:38  Marine  
  51  4:43  SCV  
  51  4:44  SCV  
  54  4:47  Supply Depot  
  54  4:53  Marine  
  54  4:54  Marine  
  54  4:59  Engineering Bay  
  56  5:02  SCV  
  57  5:08  Marine x3  
  57  5:13  Supply Depot  
  62  5:20  Barracks Reactor  
  60  5:21  Barracks  
  60  5:24  Siege Tank  
  60  5:26  Medivac x2  
  67  5:29  SCV x2  
  69  5:37  Supply Depot  
  69  5:41  Missile Turret  
  69  5:42  Marine x2  
  69  5:43  Marine x2  
  69  5:46  Marine  
  74  6:05  Siege Tank  
  77  6:14  Command Center  
  77  6:20  Viking x2  
  77  6:22  Barracks Reactor  
  77  6:25  Barracks, Combat Shields  
  81  6:29  Terran Infantry Weapons Level 1  
  81  6:33  Supply Depot  
  81  6:35  Refinery  
  81  6:39  Missile Turret  
  81  6:43  Siege Tank  
  81  6:45  SCV x2  
  86  6:54  Viking  
  86  6:57  SCV  
  89  7:01  Supply Depot  
  89  7:04  SCV  
  90  7:09  SCV  
  91  7:16  SCV  
  91  7:21  SCV  
  93  7:36  SCV x2  
  95  7:38  Supply Depot  
  95  7:42  Marine x6  
  95  7:43  Marine x2  
  103  7:45  Marauder  
  105  7:53  Medivac x2  
  105  7:54  Siege Tank  
  112  8:01  Starport  
  112  8:02  Supply Depot, Barracks Reactor  
  112  8:06  Supply Depot  
  112  8:10  Armory  
  112  8:11  Engineering Bay, Marine x3  
  112  8:12  SCV  
  115  8:24  Viking x2  
  115  8:26  Marine x2  
  121  8:32  Orbital Command  
  121  8:40  Siege Tank  
  124  8:43  SCV x2  
  126  8:52  Starport Reactor  
  126  8:55  SCV  
  126  8:57  Factory  
  126  8:59  Viking x2  
  126  9:00  Marine x3  
  126  9:01  Marine x4  
  138  9:03  Marine  
  138  9:07  Terran Infantry Weapons Level 2  
  139  9:10  Terran Infantry Armor Level 1  
  139  9:17  Supply Depot  
  139  9:30  Medivac  
  141  9:38  SCV x3, Medivac  
  146  9:39  Supply Depot  
  146  9:44  Terran Ship Weapons Level 1  
  146  9:46  Factory Tech Lab  
  146  10:02  Command Center  
  146  10:13  Sensor Tower  
  146  10:14  Supply Depot  
  146  10:24  Marauder, Marine x4  
  146  10:25  Marine  
  101  10:44  Sensor Tower  
  82  10:51  Marine x5  
  82  10:52  Marine x5  
  92  11:08  Marine  
  92  11:09  Marine x4  
  92  11:10  SCV x3  
  100  11:22  SCV x2  
  100  11:24  Siege Tank x2  
  102  12:02  Marine x3  
  102  12:03  Marine x5  
  102  12:04  Marauder, Marine  
  113  12:08  Medivac  
  113  12:09  Medivac x2  
  113  12:10  Viking  
  121  12:30  Marine x8  
  121  12:31  Marine x3  
  132  12:37  Siege Tank x2  
  138  12:47  Marine  
  138  12:48  Marine x10  
  120  13:05  Marine x2  
  120  13:06  Marine x4  
  120  13:11  Marine x5  
  95  13:23  Marine  
  95  13:24  Marine x5  
  95  13:25  Siege Tank  
  95  13:26  Medivac  
  104  13:28  Marine  
  104  13:29  Marine  
  106  13:42  Refinery x2  
  106  13:59  Viking  
  108  14:04  Sensor Tower  
  108  14:08  SCV x3  
  111  14:36  Marine x2  
  111  14:37  Marine x9  
  122  14:44  Command Center  
  122  14:54  Marine x2  
  122  14:55  Marine x9  
  133  15:12  Marine x2  
  133  15:13  Marine x9  
  139  15:20  Liberator x2  
  139  15:21  Liberator x2  
  129  15:30  Marine x7  
  129  15:31  Marine x4  
  140  15:41  Siege Tank  
  155  15:48  Marine x4  
  151  16:15  Siege Tank x2  
  151  16:16  Marine x4  
  151  16:17  Marine x7  
  165  16:34  Marine x2  
  135  16:42  Marine x5  
  112  16:47  Siege Tank  
  105  17:12  Marine x2  
  105  17:14  Marine x9  
  116  17:29  Marine  
  117  18:08  Marine x2  
  117  18:09  Marine x6  
  123  18:36  Marine  
  123  18:37  Marine x3  
  123  18:38  Marine x7  
  134  18:54  Marine x3  
  134  18:55  Marine x6  
  138  18:56  Marine x2  
  125  19:12  Marine x3  
  125  19:13  Marine x6  
  80  19:41  Marine x3  
  80  19:42  Marine x5  
  80  19:43  Marine x3  
  90  19:47  SCV  
  91  19:59  Marine x2  
  66  20:12  Medivac x3  
  72  20:27  Liberator x4  
  72  20:28  Planetary Fortress  
  72  20:48  SCV x3  
  87  20:54  Refinery  
  87  20:55  Refinery  
  87  21:00  SCV  
  88  21:08  Terran Infantry Weapons Level 3  
  88  21:09  Terran Infantry Armor Level 2  
  88  21:11  Marine  
  88  21:12  Marine x3  
  92  21:38  Liberator  
  92  21:41  Marine x6  
  92  21:42  Marine x4  
  102  21:51  Factory Tech Lab  
  102  21:59  SCV  
  97  22:54  Marine  
  97  22:55  Marine x7  
  97  22:56  Marine x3  
  105  23:05  Command Center  
  105  23:06  SCV x3  
  108  23:13  Viking x2  
  108  23:18  SCV  
  87  24:25  Marine  
  87  24:26  Marine x10  
  97  24:43  Marine x5  
  97  24:44  Marine x4  
  106  25:14  Marine x5  
  106  25:15  Marine x6  
  117  25:33  Viking  
  119  26:01  Marine  
  119  26:02  Marine x8  
  128  26:22  Orbital Command  
  128  26:26  SCV  
  129  26:41  Liberator x2  
  120  27:10  Marine  
  120  27:11  Marine x5  
  126  27:32  Refinery  
  126  27:57  Missile Turret  
  126  28:37  Siege Tank x2  
  131  29:09  Siege Tank x2  
  79  29:18  Marine  
  79  29:19  Marine x10  
  76  29:36  Marine  
  76  29:37  Marine x10  
  73  30:57  Orbital Command  
  73  31:17  Marine  
  73  31:18  Marine x2  
  72  32:01  SCV x2  
  74  32:07  SCV x2  
  76  32:52  Marine x8  
  76  33:09  Marine  
  76  33:10  Marine x7  
  60  33:27  Marine  
  60  33:28  Starport Reactor, Marine x5  
  66  33:37  SCV x4  
  70  33:42  Refinery  
  70  33:44  Marine  
  70  33:45  Marine x2  
  70  33:46  Marine x5  
  78  33:49  Medivac x2  
  82  34:02  Marine x2  
  83  34:03  Marine x2  
  83  34:07  Liberator x2  
  86  34:13  Marine x3  
  86  34:16  Barracks Reactor  
  89  34:17  Concussive Shells  
  89  34:19  Factory Tech Lab  
  89  34:20  Marine x2  
  97  34:43  Liberator  
  97  34:58  Siege Tank  
  97  34:59  Factory Tech Lab  
  103  35:10  SCV x4  
  107  35:21  Liberator x2  
  113  35:45  SCV x2  
  113  35:48  Liberator x2  
  111  36:32  Marine x8  
  111  37:01  Command Center  
  111  37:38  Liberator x2  
  111  37:39  Liberator  
  111  37:50  Marine x6  
  115  39:22  Liberator  
  115  39:37  Liberator  
  115  39:38  Medivac x2  
  118  40:13  Liberator x2  
  103  40:51  Starport Reactor  
  103  40:53  Factory Tech Lab  
  103  40:57  Command Center  
  49  42:31  Siege Tank x2  
Tags
 
Add a new tag
Caveats
  • Supply blocks, unpowered buildings, or Contaminate may cause inaccurate times.
  • Supply counts are checked every 10 seconds.